Match 41304735
Unlisted

Match 41304735
End
250 Light Carrier
Panzergrenadier Squad
Construct Light Support Kompanie
Combat Half-tracks
Panzergrenadier Squad
Fire Support Elements
Veteran Squad Leaders
Selects Italian Infantry
Selects Guastatori Squad
Selects Guastatori Squad
Guastatori Squad
Construct Panzerarmee Kommand
Vehicle Survival Package
Guastatori Squad
Selects Registered Artillery
Selects Defensive Operations
Panzer III L Medium Tank
Selects Territory Booby Traps
Tungsten Core Ammunition
Panzerjäger Mechanized Group
Panzer III L Medium Tank
Armored Reserves
Hawake
Hosty
A Quick Workaround
jaws2005
【POW】游骑
我真的不是驴
THE one-冰封夕阳
The 2D Waifu Trafficker
0
0

Comments sign in to comment!

No comments posted yet!